 Dungeon Crawl Stone Soup version 0.18-a0-1157-g59db91b (webtiles) character file.

420 patman the Skirmisher (level 6, 0/63 HPs)
             Began as a Deep Dwarf Gladiator on Jan 23, 2016.
             Splashed by a jelly's acid (3 damage)
             ... on level 5 of the Dungeon.
             The game lasted 00:06:08 (2283 turns).

patman the Skirmisher (Deep Dwarf Gladiator)        Turns: 2283, Time: 00:06:08

Health: 0/63       AC: -6    Str: 18    XL:     6   Next: 62%
Magic:  5/5        EV: 13    Int:  9    God:
Gold:   105        SH:  0    Dex: 15    Spells: 0 memorised, 5 levels left

rFire  . . .     SeeInvis .     x - +0 quarterstaff (protect)
rCold  . . .     Gourm    .     b - +0 leather armour
rNeg   . . .     Faith    .     (shield currently unavailable)
rPois  .         Spirit   .     c - +0 helmet
rElec  .         Dismiss  .     C - +0 cloak
rCorr  .         Reflect  .     (no gloves)
SustAt .         Harm     .     (no boots)
MR     .....                    (no amulet)
Stlth  +.........               (no ring)
                                (no ring)

@: corroded equipment, non-regenerating, not resistant to hostile enchantments,
very unstealthy
A: damage resistance, recharge devices, sense surroundings 1, slow regeneration
3
a: Device Recharging


You were on level 5 of the Dungeon.
You were not hungry.

You visited 1 branch of the dungeon, and saw 5 of its levels.

You collected 105 gold pieces.

Inventory:

Hand Weapons
 a - a +0 flail
 x - a +0 quarterstaff of protection (weapon)
Missiles
 d - 2 throwing nets (quivered)
 k - 67 stones
Armour
 b - a +0 leather armour (worn)
 c - a +0 helmet (worn)
 C - a +0 cloak (worn)
Wands
 e - a wand of heal wounds (4/9)
 p - a wand of frost (15/48)
 w - a wand of confusion (36/48)
Scrolls
 h - a scroll of magic mapping
 j - a scroll of teleportation
 l - a scroll of blinking
 q - a scroll of random uselessness {unknown}
 r - a scroll of noise {unknown}
 s - a scroll of enchant weapon {unknown}
 t - a scroll of enchant armour {unknown}
 v - a scroll of fog {unknown}
 y - a scroll of amnesia {unknown}
 A - 2 scrolls of remove curse {unknown}
Potions
 i - 2 potions of invisibility
 n - a potion of mutation
 u - a potion of curing
 z - a potion of poison
 B - 2 potions of beneficial mutation {unknown}
Comestibles
 f - 3 bread rations
 g - 2 slices of pizza
 m - 3 meat rations
 o - 5 fruits
 D - a chunk of flesh


   Skills:
 + Level 6.5 Fighting
 - Level 3.0 Maces & Flails
 - Level 1.7 Throwing
 - Level 3.2 Dodging


You had 5 spell levels left.
You didn't know any spells.

Dungeon Overview and Level Annotations

Branches:
Dungeon (5/15)
 Temple: D:4-7

Altars:
Ru
Sif Muna


Innate Abilities, Weirdness & Mutations

You are resistant to damage.
You can recharge devices by infusing magical energy.
You passively map a small area around you.
You do not regenerate naturally.


Message History

Unknown command.
You hit the jelly. The acid corrodes you!
Your hands burn!
* * * LOW HITPOINT WARNING * * *
The jelly is heavily wounded.
The jelly hits you.
You are splashed with acid!
The acid corrodes you!
The acid burns!
* * * LOW HITPOINT WARNING * * *
You hit the jelly.
Your hands burn!
* * * LOW HITPOINT WARNING * * *
The jelly is severely wounded.
The jelly hits you.
You are splashed with acid!
The acid corrodes you!
The acid burns!
* * * LOW HITPOINT WARNING * * *
You hit the jelly but do no damage.
Your hands burn!
The jelly is severely wounded.
The jelly hits you.
You are splashed with acid!
The acid corrodes you!
The acid burns!
* * * LOW HITPOINT WARNING * * *
You hit the jelly but do no damage.
Your hands burn!
You die...

, , * ......
, ,...# , ,
...... *....#
* ......*
,+.>..#,
#....####....
#........(.#
*
#..........#
,
#.....J....#
, * #.@....#
#....###
#..<.#,, ,,
#....+ +, , *
#....# ,
...#+## , * ,
....* ......+
* , , ......
,


You could see a jelly.

Vanquished Creatures
  Eustachio (D:4)
  A scorpion (D:4)
  4 worker ants (D:4)
  4 gnolls
  8 adders
  A giant gecko (D:4)
  An orc (D:3)
  3 giant cockroaches
  5 hobgoblins
  A ball python (D:1)
  7 bats
  A giant gecko skeleton (D:4)
  5 giant newts
  5 goblins
  2 kobolds
  4 rats
53 creatures vanquished.

Vanquished Creatures (others)
  A plant (D:4)
1 creature vanquished.

Grand Total: 54 creatures vanquished

Notes
Turn   | Place    | Note
--------------------------------------------------------------
     0 | D:1      | patman the Deep Dwarf Gladiator began the quest for the Orb.
     0 | D:1      | Reached XP level 1. HP: 19/19 MP: 1/1
   330 | D:1      | Reached XP level 2. HP: 25/27 MP: 2/2
   647 | D:2      | Reached XP level 3. HP: 20/34 MP: 3/3
   659 | D:2      | HP: 1/36 [gnoll/whip (6)]
   709 | D:2      | Reached XP level 4. HP: 14/44 MP: 4/4
   716 | D:2      | Reached skill level 4 in Fighting
  1099 | D:3      | Found a sacrificial altar of Ru.
  1255 | D:3      | Reached XP level 5. HP: 43/51 MP: 5/5
  1350 | D:3      | Found a deep blue altar of Sif Muna.
  1456 | D:4      | Reached skill level 5 in Fighting
  1913 | D:4      | Noticed Eustachio
  1993 | D:4      | Killed Eustachio
  1993 | D:4      | Reached skill level 6 in Fighting
  1993 | D:4      | Reached XP level 6. HP: 5/63 MP: 5/5
  2276 | D:5      | Entered Level 5 of the Dungeon
  2282 | D:5      | HP: 3/63 [acid (3)]
  2283 | D:5      | Splashed by a jelly's acid

Vault maps used:
D:1:      minmay_arrival_doors
D:2:      first_bread
D:3:      nicolae_ru_awakened_eye, lemuel_coloured_pillars_altar
D:4:      serial_bayou_lagoon_a, uniq_eustachio
D:5:      makhleb_blood_cavern_becter, grunt_decor_arrowhead

Action                   |  1- 3 |  4- 6 || total
-------------------------+-------+-------++-------
Melee: Flail             |   105 |   107 ||   212
       Quarterstaff      |       |    69 ||    69
Throw: Throwing net      |     1 |       ||     1
 Abil: Device Recharging |       |     1 ||     1
Evoke: Wand              |     1 |     6 ||     7
  Use: Scroll            |       |     7 ||     7
  Eat: Chunk             |       |     3 ||     3
       Beef jerky        |       |     1 ||     1
